 Dungeon Crawl Stone Soup version 0.27.1-33-g824d729ab1 (webtiles) character file.

Game seed: 7037406554155494880

15 Atelerd the Digger (level 2, 0/17 HPs)
             Began as an Octopode Earth Elementalist on Dec 14, 2021.
             Slain by an adder (4 damage)
             ... on level 2 of the Dungeon.
             The game lasted 00:00:34 (1421 turns).

Atelerd the Digger (Octopode Earth Elementalist)    Turns: 1421, Time: 00:00:35

Health: 0/17       AC:  1    Str:  7    XL:     2   Next: 50%
Magic:  5/5        EV: 13    Int: 17    God:
Gold:   58         SH:  0    Dex: 12    Spells: 4/5 levels left

rFire    . . .     SeeInvis .   h - +0 dagger
rCold    . . .     Faith    .   (no shield)
rNeg     . . .     Spirit   .   (helmet restricted)
rPois    .         Reflect  .   (no amulet)
rElec    .         Harm     .   (no ring)
rCorr    .         Rampage  .   (no ring)
Will     .....                  (no ring)
Stlth    +++.......             (no ring)
HPRegen  0.05/turn              (no ring)
MPRegen  0.09/turn              (no ring)
                                (no ring)
                                (no ring)

@: lethally poisoned (0 -> -1)
A: almost no armour, amphibious, 8 rings, camouflage 1, gelatinous body 1,
(nimble swimmer 1), tentacles
a: no special abilities


You were on level 2 of the Dungeon.
You visited 1 branch of the dungeon, and saw 2 of its levels.

You collected 58 gold pieces.

Inventory:

Hand Weapons
 h - a +0 dagger (weapon)
Missiles
 b - 31 stones
 e - a throwing net
Jewellery
 i - a +4 ring of evasion
Scrolls
 f - a scroll of teleportation {unknown}
Potions
 a - a potion of attraction {unknown}
 c - a potion of mutation {unknown}
 d - 2 potions of resistance {unknown}
 g - a potion of brilliance {unknown}


   Skills:
 - Level 2.0 Dodging
 - Level 2.6 Stealth
 + Level 2.3 Spellcasting
 + Level 1.5 Transmutations
 + Level 3.2 Earth Magic


You had 4 spell levels left.
You knew the following spells:

 Your Spells              Type           Power      Damage    Failure   Level
a - Sandblast             Erth           26%        2d8       4%          1

Your spell library contained the following spells:

 Spells                   Type           Power      Damage    Failure   Level
 Passwall                 Tmut/Erth      8%         N/A       11%         2
 Stone Arrow              Conj/Erth      14%        3d7       28%         3
 Petrify                  Tmut/Erth      10%        N/A       56%         4


Dungeon Overview and Level Annotations

Branches:
Dungeon (2/15)

Altars:


Innate Abilities, Weirdness & Mutations

You cannot wear most types of armour.
You are amphibious.
You can wear up to eight rings at the same time.
Your skin changes colour to match your surroundings (Stealth+).
Your rubbery body absorbs attacks. (AC +1, EV +1)
((You are camouflaged near water. (Stealth+)))
You have tentacles for arms and can constrict up to eight enemies at once.


Message History

Found 11 gold pieces.
You now have 58 gold pieces (gained 11).
Found a dagger.
You see here a +0 dagger.
Found an onyx ring.
i - a +4 ring of evasion No target in view!
Found a hand axe.
No target in view!
A ball python comes into view.
An adder, a rat and an ogre come into view.
There are monsters nearby!
The adder hisses angrily.
The ball python hisses angrily.
There are monsters nearby!
Found 4 gold pieces.
There are monsters nearby!
The ogre shouts!
You hit the ball python but do no damage.
You grab the ball python. You constrict the ball python.
The ball python barely misses you. The ball python grabs you.
The ball python constricts you.
There are monsters nearby!
You hit the ball python.
The ball python is heavily wounded.
You constrict the ball python. The ball python bites you.
The ball python constricts you.
There are monsters nearby!
You hit the ball python.
You kill the ball python!
An endoplasm comes into view.
Unknown command.
You see here a +0 hand axe.
The adder bites you.
You are poisoned.
The adder poisons you! The adder bites you.
You feel sick.
You feel sick.
You feel sick.
You feel sick. The adder bites you.
You die...

#. #.###...#
..##.##†....#
.........#.#
$..#.#..)..#
#.#.#.#
..###...#.#
#.....##O.#
##.#....S##
#...###@#
#### #.# ##.#
#..# #.## #.#
#.# #.# #.#


You could see an ogre and an adder.

Vanquished Creatures
  A worm (D:2)
  2 ball pythons
  2 endoplasms (D:1)
  A giant cockroach (D:1)
  A goblin (D:2)
  3 kobolds
  A frilled lizard (D:1)
11 creatures vanquished.

Notes
Turn   | Place    | Note
-------+----------+-------------------------------------------
     0 | D:1      | Atelerd the Octopode Earth Elementalist began the quest for
                  | the Orb.
     0 | D:1      | Reached XP level 1. HP: 11/11 MP: 3/3
   424 | D:1      | Reached XP level 2. HP: 7/17 MP: 0/5
  1410 | D:2      | Noticed an ogre
  1421 | D:2      | Slain by an adder

Illustrated notes

Levels and vault maps discovered:
D:1:      tarquinn_simple_flora_water_e, layout_basic, minmay_misc_feat_hallway,
          kennysheep_nondescript
D:2:      layout_rooms, dilly_ecumenical_altar_fadedgnrine,
          columned_hall_lemuel, minmay_fractal_squares_5

Action                   || total
-------------------------++-------
Melee: Unarmed           ||    20
       Constrict         ||     6
       Dagger            ||     3
       Tentacles         ||     1
 Cast: Sandblast         ||    10
 Stab: Sleeping          ||     3
Armor: Skin              ||     1
Dodge: Dodged            ||    16
